 Dungeon Crawl Stone Soup version 0.30-a0-1035-g38d5fb2972 (webtiles) character file.

Game seed: 742022596232315636

83 Mickster the Grave Robber (level 4, 0/24 HPs)
             Began as a Deep Elf Necromancer on Apr 7, 2023.
             Slain by a kobold
             ... wielding a +0 dagger
              (3 damage)
             ... on level 3 of the Dungeon on Apr 8, 2023.
             The game lasted 00:19:03 (1212 turns).

Mickster the Grave Robber (Deep Elf Necromancer)    Turns: 1212, Time: 00:19:03

Health: 0/24       AC: -1    Str:  5    XL:     4   Next: 22%
Magic:  5/10       EV: 11    Int: 22    God:
Gold:   58         SH:  5    Dex: 15    Spells: 8/9 levels left

rFire   . . .      SeeInvis .    l - +0 dagger of Sloth {flame, rC+}
rCold   + . .      Faith    .    (no shield)
rNeg    . . .      Spirit   .    h - +0 leather armour
rPois   .          Reflect  +    (no helmet)
rElec   .          Rampage  .    (no cloak)
rCorr   .                        (no gloves)
Will    .....                    (no boots)
Stlth   ++                       c - amulet of reflection
HPRegen 0.24/turn                (no ring)
MPRegen 0.12/turn                (no ring)

@: corroded, very slightly contaminated
A: mutation resistance 1
a: no special abilities


You were on level 3 of the Dungeon.
You visited 1 branch of the dungeon, and saw 3 of its levels.

You collected 58 gold pieces.

Inventory:

Hand Weapons
 e - a +0 whip
 f - a +0 dagger of venom
 g - a +0 sling
 j - a +0 war axe
 l - the +0 dagger of Sloth (weapon) {flame, rC+}
   (You found it on level 2 of the Dungeon)

   rC:        It protects you from cold.
Missiles
 i - 8 poisoned darts (quivered)
Armour
 a - a +0 robe
 h - a +0 leather armour (worn)
Magical Staves
 q - a staff of air
Jewellery
 c - an amulet of reflection (around neck)
Scrolls
 m - a scroll of identify
 n - a scroll of noise {unknown}
 p - a scroll of enchant weapon {unknown}
Potions
 b - a potion of magic
 d - a potion of brilliance
 k - a potion of mutation
 o - a potion of curing
 r - a potion of attraction {unknown}


   Skills:
 * Level 0.2 Short Blades
 + Level 2.4 Dodging
 + Level 2.7 Stealth
 + Level 0.6 Shields
 + Level 3.2 Spellcasting
 * Level 6.5 Necromancy


You had 8 spell levels left.
You knew the following spells:

 Your Spells              Type           Power      Damage    Failure   Level
a - Necrotise             Necr           100%       1d9       1%          1

Your spell library contained the following spells:

 Spells                   Type           Power      Damage    Failure   Level
 Vampiric Draining        Necr           32%        2d8       4%          3
 Animate Dead             Necr           32%        N/A       14%         4
 Agony                    Necr           32%        N/A       36%         5
 Borgnjor's Revivificati  Necr           16%        N/A       100%        8
 Necromutation            Tmut/Necr      9%         N/A       100%        8
 Death's Door             Necr           16%        N/A       100%        9


Dungeon Overview and Level Annotations

Branches:
Dungeon (3/15)

Altars:

Annotations:
D:1 1 transporter


Innate Abilities, Weirdness & Mutations

You are somewhat resistant to further mutation.


Message History

Casting: Necrotise (safe; 1% risk of failure)
Confirm with . or Enter, or press ? or * to list all spells.
You don't know that spell.
Casting: Necrotise (safe; 1% risk of failure)
Confirm with . or Enter, or press ? or * to list all spells.
Aiming: Necrotise (safe; 1% risk of failure)
Press: ? - help, Shift-Dir - straight line, f/p - jelly
Aim: a jelly (moderately wounded, chance to affect: 88%)
The jelly writhes in agony!
The jelly barely misses you. The bat hits you but does no damage.
Casting: Necrotise (safe; 1% risk of failure)
Confirm with . or Enter, or press ? or * to list all spells.
Aiming: Necrotise (safe; 1% risk of failure)
Press: ? - help, Shift-Dir - straight line, f/p - jelly
Aim: a jelly (almost dead, chance to affect: 88%)
You miscast Necrotise.
You are very lightly contaminated with residual magic.
Nothing appears to happen.
The bat hits you but does no damage. The jelly hits you. The acid corrodes you!
You are splashed with acid!
You hit the jelly. You burn the jelly.
You kill the jelly!
The bat hits you. The kobold hits you with a +0 dagger.
You have reached level 4!
You feel clever. The bat hits you. The kobold completely misses you.
You miss the kobold. The bat hits you.
* * * LOW HITPOINT WARNING * * *
The kobold hits you with a +0 dagger.
* * * LOW HITPOINT WARNING * * *
You hit the kobold but do no damage. You block the bat's attack.
The kobold misses you.
You hit the kobold. You burn the kobold.
The kobold is heavily wounded.
The bat hits you.
* * * LOW HITPOINT WARNING * * *
You block the kobold's attack.
You hit the kobold but do no damage.
The kobold is heavily wounded.
The bat closely misses you. The kobold hits you with a +0 dagger.
You die...

.............. #.......#
....................###.......#
....................#.........#
......#######.......#........##
......# #.....[....#........#
......# #.........##........#
......# #......b..##........#
##'#### #......K..##........#
#.# #......@............# #.#
#############'#######
#.###################.#
#...................#.#
###################.#.# #.).#
#####


You could see a bat and a kobold.

Vanquished Creatures
  A jelly (D:3)
  2 adders (D:2)
  A dart slug (D:1)
  3 ball pythons (D:1)
  4 bats (D:1)
  3 endoplasms
  2 giant cockroaches (D:1)
  5 goblins
  3 hobgoblins (D:1)
  3 kobolds
  2 frilled lizards
  2 rats (D:1)
31 creatures vanquished.

Vanquished Creatures (collateral kills)
  A frilled lizard (D:1)
1 creature vanquished.

Grand Total: 32 creatures vanquished

Notes
Turn   | Place    | Note
-------+----------+-------------------------------------------
     0 | D:1      | Mickster the Deep Elf Necromancer began the quest for the
                  | Orb.
     0 | D:1      | Reached XP level 1. HP: 10/10 MP: 6/6
    39 | D:1      | Reached skill level 5 in Necromancy
   114 | D:1      | Reached XP level 2. HP: 15/15 MP: 4/8
   833 | D:2      | Reached XP level 3. HP: 19/19 MP: 7/9
   907 | D:2      | Gained mutation: You are somewhat resistant to further
                  | mutation. [potion of mutation]
  1003 | D:2      | Identified the +0 dagger of Sloth {flame, rC+}
  1006 | D:2      | Upgraded the game from 0.30-a0-1018-g25214051b3 to
                  | 0.30-a0-1035-g38d5fb2972
  1016 | D:2      | Reached skill level 6 in Necromancy
  1208 | D:3      | Reached XP level 4. HP: 9/24 MP: 4/10
  1212 | D:3      | Slain by a kobold

Illustrated notes

Levels and vault maps discovered:
D:1:      spicycebolla_arrival_transporter_tutorial, layout_loops_ring
D:2:      layout_basic, nicolae_titane
D:3:      layout_basic, uniq_sigmund

Skill      XL: |  1  2  3 |
---------------+----------+-----
Necromancy     | 5 6 |  6.5
Short Blades   | |  0.2
Dodging        | |  2.4
Stealth        | |  2.7
Shields        | |  0.6
Spellcasting   | |  3.2

Action                     |  1- 3 |  4- 6 || total
---------------------------+-------+-------++-------
  Melee: Dagger            |    17 |     4 ||    21
   Cast: Necrotise         |    47 |       ||    47
    Use: Potion            |     3 |       ||     3
         Scroll            |     3 |       ||     3
 Armour: Robe              |     5 |       ||     5
         Leather armour    |     7 |       ||     7
  Dodge: Dodged            |    18 |     3 ||    21
  Block: Other             |     8 |     2 ||    10

Table legend: (Time is in decaauts)
 A = Elapsed time spent in this place.
 B = Non-inter-level travel time spent in this place.
 C = Inter-level travel time spent in this place.
 D = Time resting spent in this place.
 E = Time spent auto-exploring this place.
 F = Levels seen in this place.
 G = Mean time per level.
                   A        B        C        D        E       F      G
               +--------+--------+--------+--------+--------+-----+--------+
         Total |   1211 |   1098 |    113 |    140 |      0 |   3 |  403.7 |
       Dungeon |   1211 |   1098 |    113 |    140 |      0 |   3 |  403.7 |
               +--------+--------+--------+--------+--------+-----+--------+

Top non-repeatable levels by time:
     D:1: 666 daAuts
     D:2: 438 daAuts
     D:3: 106 daAuts
